 Dungeon Crawl Stone Soup version 0.23.2 (webtiles) character file.

Game seed: 6345877686346132790

72 Marnok the Covered (level 4, 0/40 HPs)
             Began as a Hill Orc Fighter on Apr 11, 2019.
             Slain by Purgy (1 damage)
             ... in a sewer.
             The game lasted 00:06:57 (1674 turns).

Marnok the Covered (Hill Orc Fighter)               Turns: 1674, Time: 00:06:58

Health: 0/40       AC: 11    Str: 20 (23) XL:     4   Next: 25%
Magic:  4/4        EV:  7    Int: 10 (13) God:
Gold:   40         SH:  9    Dex: 11 (14) Spells: 2/3 levels left

rFire    . . .     SeeInvis +   a - +1 trident
rCold    . . .     Gourm    .   c - +0 shield
rNeg     + . .     Faith    .   b - +0 scale mail
rPois    .         Spirit   .   (no helmet)
rElec    .         Reflect  .   (no cloak)
rCorr    .         Harm     .   n - +0 pair of gloves {Dex+3}
MR       .....                  h - +2 pair of boots
Stlth    ..........             s - amulet of rage
HPRegen  0.13/turn              k - ring of positive energy
MPRegen  0.09/turn              m - ring of see invisible

@: mighty, brilliant
A: no striking features
a: Evoke Berserk Rage


You were in a sewer.
You were not hungry.

You visited 1 branch of the dungeon, and saw 3 of its levels.
You also visited: Sewer.

You collected 40 gold pieces.

Inventory:

Hand Weapons
 a - a +1 trident (weapon)
Armour
 b - a +0 scale mail (worn)
 c - a +0 shield (worn)
 h - a +2 pair of boots (worn)
 n - a +0 pair of gloves of dexterity (worn)
Jewellery
 k - a ring of positive energy (left hand)
 m - a ring of see invisible (right hand)
 p - an uncursed ring of fire
 s - an amulet of rage (around neck)
Potions
 d - a potion of might
 t - 2 potions of haste
Comestibles
 f - 3 rations
 i - 4 chunks of flesh


   Skills:
 + Level 4.1 Fighting
 + Level 2.7 Polearms
 + Level 4.3 Armour
 + Level 3.9 Shields


You had 2 spell levels left.
You knew the following spells:

 Your Spells              Type           Power        Failure   Level  Hunger
a - Sting                 Conj/Pois      #...         38%         1    ##.....

Your spell library contained the following spells:

 Spells                   Type           Power        Failure   Level  Hunger
 Poisonous Vapours        Pois/Air       #.....       50%         2    ###....
 Mephitic Cloud           Conj/Pois/Air  #.......     71%         3    ####...
 Olgreb's Toxic Radiance  Pois           #.......     96%         4    #####..
 Venom Bolt               Conj/Pois      #.........   100%        5    ######.


Dungeon Overview and Level Annotations

Branches:
Dungeon (3/15)

Altars:
Sif Muna

Annotations:
Sewer Purgy


Message History

You feel mightier all of a sudden.
You closely miss Purgy. Purgy barely misses you. x2
Purgy claws you but does no damage. Purgy bites you.
* * * LOW HITPOINT WARNING * * *
You block Purgy's attack. x2
Your shield prevents you from hitting Purgy.
Purgy bites you but does no damage. You block Purgy's attack. x2
You puncture Purgy!
Purgy is heavily wounded.
You block Purgy's attack. Purgy barely misses you.
Purgy claws you but does no damage.
You puncture Purgy!
Purgy is severely wounded.
Purgy bites you.
* * * LOW HITPOINT WARNING * * *
Purgy claws you but does no damage. Purgy claws you.
* * * LOW HITPOINT WARNING * * *
Purgy hisses, "I bite!"
Purgy bites you.
You die...

##≈≈≈≈≈≈≈≈..≈≈≈≈≈.#.≈≈≈≈≈≈≈≈≈≈
#≈#≈≈≈≈≈≈≈≈≈##.#≈####.S≈≈≈≈≈≈≈≈≈
≈≈≈≈≈≈≈≈≈≈≈#####≈# ##T#≈≈≈≈≈≈≈≈
≈≈≈≈≈≈≈≈≈≈≈≈# #≈# ###≈≈≈≈≈≈≈≈
≈≈≈≈≈≈≈≈≈≈≈.# #.# #.≈≈≈≈≈≈≈
#≈≈≈≈≈≈≈≈≈≈## #≈# ##≈≈≈≈≈≈≈
#≈≈≈≈≈≈≈≈.# #≈# ..≈≈≈≈≈
##≈≈≈≈≈≈≈≈## ##T## #.≈≈≈≈≈
#≈≈≈≈≈≈≈.## #@≈.# .≈≈≈≈≈
#≈≈≈≈≈≈≈≈# #.∩.# #..≈≈≈
≈≈≈≈≈≈≈≈## #...# ≈≈≈≈≈≈≈.# #####
#≈≈≈≈≈≈.# ##≈≈≈≈≈≈### #≈≈≈≈≈≈≈.#
#≈≈≈≈≈≈≈÷### ≈≈≈≈≈≈≈≈≈.≈## ###


You could see Purgy.

Vanquished Creatures
  Crazy Yiuf (D:2)
  3 leopard geckos
  5 bats
  4 giant cockroaches
  4 goblins (D:1)
  8 hobgoblins
  2 ball pythons (Sewer)
  6 frilled lizards
  3 kobolds
  4 rats
40 creatures vanquished.

Notes
Turn   | Place    | Note
-------+----------+-------------------------------------------
     0 | D:1      | Marnok the Hill Orc Fighter began the quest for the Orb.
     0 | D:1      | Reached XP level 1. HP: 19/19 MP: 1/1
    81 | D:1      | Reached XP level 2. HP: 21/27 MP: 2/2
   799 | D:2      | Reached XP level 3. HP: 33/33 MP: 3/3
   970 | D:2      | Found a deep blue altar of Sif Muna.
  1365 | D:2      | Found a runed translucent door.
  1366 | D:2      | Noticed Crazy Yiuf
  1377 | D:2      | Killed Crazy Yiuf
  1377 | D:2      | Reached XP level 4. HP: 26/40 MP: 4/4
  1473 | D:3      | Found a glowing drain.
  1488 | Sewer    | Entered a sewer
  1598 | Sewer    | Learned a level 1 spell: Sting
  1611 | Sewer    | Noticed Purgy
  1674 | Sewer    | HP: 1/40 [Purgy (2)]
  1674 | Sewer    | Slain by Purgy

Skill      XL: |  1  2 |
---------------+-------+-----
Fighting       | 4 |  4.1
Armour         | 4 |  4.3
Polearms       | |  2.7
Shields        | |  3.9

Action                   |  1- 3 |  4- 6 || total
-------------------------+-------+-------++-------
Melee: Trident           |   119 |    72 ||   191
  Use: Scroll            |       |     8 ||     8
       Potion            |       |     5 ||     5
  Eat: Chunk             |     2 |     1 ||     3
Armor: Scale mail        |    51 |   101 ||   152
Dodge: Dodged            |    46 |    51 ||    97
Block: Shield            |    63 |    75 ||   138
